 Dungeon Crawl Stone Soup version 0.28-a0-794-gafe8c5f9e9 (webtiles) character file.

Game seed: 5016518111902135370

749 kae the Caller (level 7, -2/61 HPs)
             Began as a Tengu Summoner on Nov 5, 2021.
             Slain by Duvessa (4 damage)
             ... on level 5 of the Dungeon.
             The game lasted 00:05:11 (6646 turns).

kae the Caller (Tengu Summoner)                     Turns: 6646, Time: 00:05:12

Health: -2/61      AC: 23    Str:  8    XL:     7   Next: 77%
Magic:  8/13       EV:  2    Int: 16    God:
Gold:   191        SH:  0    Dex: 14    Spells: 7/13 levels left

rFire   . . .      SeeInvis .   (no weapon)
rCold   . . .      Faith    .   (no shield)
rNeg    . . .      Spirit   .   (armour currently unavailable)
rPois   +          Reflect  .   (helmet currently unavailable)
rElec   .          Harm     .   (cloak currently unavailable)
rCorr   .          Rampage  .   (gloves currently unavailable)
Will    .....      NoTele   +   (boots unavailable)
Stlth   ++........              (no amulet)
HPRegen 0.00/turn               m - ring of wizardry
MPRegen 0.13/turn               (no ring)

@: tree-form, inhibited regen
A: stationary, stasis, torment immunity, boosted hp, (beak), (talons 3), nimble
flight, dopey 1, inhibited regeneration
a: no special abilities


You were on level 5 of the Dungeon.
You were a tree.
You visited 1 branch of the dungeon, and saw 5 of its levels.

You collected 191 gold pieces.

Inventory:

Armour
 a - a +0 robe
 g - a +0 pair of gloves (melded)
 j - a +3 ring mail of cold resistance (melded)
 q - a +0 cloak (melded)
Jewellery
 m - a ring of wizardry (left branch)
 n - a +4 ring of protection
Wands
 d - a wand of polymorph (10)
 k - a wand of digging (3)
Scrolls
 f - 2 scrolls of teleportation
 h - a scroll of identify
 p - a scroll of amnesia
Potions
 b - a potion of might
 c - 3 potions of curing
 e - a potion of attraction
 i - a potion of magic
 l - 3 potions of degeneration


   Skills:
 + Level 3.1 Fighting
 - Level 3.0 Armour
 + Level 4.3 Dodging
 - Level 2.0 Stealth
 + Level 3.6 Spellcasting
 * Level 7.7 Summonings


You had 7 spell levels left.
You knew the following spells:

 Your Spells              Type           Power      Damage    Failure   Level
a - Summon Small Mammal   Summ           100%       N/A       1%          1
b - Call Imp              Summ           27%        N/A       1%          2
c - Call Canine Familiar  Summ           27%        N/A       1%          3

Your spell library contained the following spells:

 Spells                   Type           Power      Damage    Failure   Level
 Summon Guardian Golem    Hex/Summ       15%        N/A       4%          3
 Freeze                   Ice            8%         1d3       8%          1
 Summon Lightning Spire   Summ/Air       15%        N/A       14%         4
 Frozen Ramparts          Ice            4%         1d2       21%         3
 Tukima's Dance           Hex            2%         N/A       21%         3
 Hailstorm                Conj/Ice       2%         3d3       54%         4
 Olgreb's Toxic Radiance  Pois           2%         N/A       54%         4
 Silence                  Hex/Air        1%         N/A       86%         5
 Yara's Violent Unravell  Hex/Tmut       1%         3d3       86%         5


Dungeon Overview and Level Annotations

Branches:
Dungeon (5/15)
 Temple: D:4-7

Altars:
Vehumet

Annotations:
D:3 Grinder
D:5 Duvessa


Innate Abilities, Weirdness & Mutations

You are a tree.
Your roots penetrate the ground, keeping you stationary.
You cannot be teleported.
You are immune to unholy pain and torment.
Your maximum health is greatly increased.
Your equipment is partially melded.
((You have a beak for a mouth.))
((You have claws for feet.))
Your magical nature lets you fly swiftly and evasively.
You are dopey. (Int -2)
You do not regenerate when monsters are visible.


Message History

Your hound bites Duvessa but does no damage.
Duvessa hits you but does no damage.
Your hound bites Duvessa.
You hit Duvessa but do no damage.
Duvessa is lightly wounded.
Duvessa barely misses you.
Your hound completely misses Duvessa.
Your crimson imp hits Duvessa but does no damage.
You hit Duvessa.
Duvessa is lightly wounded.
Duvessa hits you with a +0 short sword.
Your hound bites Duvessa but does no damage.
Your crimson imp barely misses Duvessa.
Duvessa hits you with a +0 short sword.
Your hound bites Duvessa but does no damage.
You smack Duvessa!
Duvessa is moderately wounded.
Duvessa hits you but does no damage.
Your hound completely misses Duvessa.
Your crimson imp hits Duvessa but does no damage.
You hit Duvessa but do no damage.
Duvessa is moderately wounded.
Duvessa hits you with a +0 short sword!
Your hound bites Duvessa but does no damage.
Your crimson imp hits Duvessa.
Duvessa barely misses your crimson imp.
Your hound barely misses Duvessa.
You catch the helpless Duvessa completely off-guard!
You hit Duvessa but do no damage.
Duvessa is moderately wounded.
Duvessa hits you with a +0 short sword!
Your hound bites Duvessa.
Your crimson imp hits Duvessa but does no damage.
You hit Duvessa but do no damage.
Duvessa is moderately wounded.
Duvessa hits you with a +0 short sword.
* * * LOW HITPOINT WARNING * * *
Your hound bites Duvessa but does no damage.
Your crimson imp hits Duvessa but does no damage.
Duvessa hits you with a +0 short sword!
* * * LOW HITPOINT WARNING * * *
Your hound closely misses Duvessa.
You hit Duvessa.
Duvessa is heavily wounded.
Duvessa hits you with a +0 short sword.
You die...

##....#...........# ########.
+.....+...........# #........
#....#...........###.##.####
.##....#...oh.......##.#......
............#######.##....###.
............#### #.####..# #.
....o.......##.####.####..###.
............†.............>...
.............♣..####.###...##.
.######......eh.# #..##...##.
#.....5...# ##.##...##.
#.........# #..#...##.
#.........######.#...##.
........................
#####.##.#######..##.##. #. ..
........... #####.##.###


You could see Duvessa (berserk, ally target), a friendly hound (summoned) and a
friendly crimson imp (summoned).

Vanquished Creatures
  An ogre (D:5)
  A scorpion (D:5)
  A bullfrog skeleton (D:5)
  An orc wizard (D:4)
  4 adders
  A worm (D:2)
  4 orcs
  An endoplasm (D:4)
  2 giant cockroaches
  7 goblins
  5 hobgoblins
  2 jackals (D:1)
  7 kobolds
  3 quokkas
  6 ball pythons
  2 bats
  4 frilled lizards
  6 rats
58 creatures vanquished.

Vanquished Creatures (collateral kills)
  A black bear (D:5)
  An ogre (D:4)
  Dowan (D:5)
  A jelly (D:4)
  2 orc priests (D:5)
  4 gnolls (D:2)
  5 adders
  A white imp (D:5)
  A dart slug (D:2)
  6 orcs
  3 ball pythons
  3 endoplasms (D:4)
  A giant cockroach (D:1)
  3 goblins
  3 hobgoblins
  5 quokkas
  4 bats
  A kobold (D:3)
  5 rats
51 creatures vanquished.

Grand Total: 109 creatures vanquished

Notes
Turn   | Place    | Note
-------+----------+-------------------------------------------
     0 | D:1      | kae the Tengu Summoner began the quest for the Orb.
     0 | D:1      | Reached XP level 1. HP: 10/10 MP: 4/4
   339 | D:1      | Found a faded altar of an unknown god.
   402 | D:1      | Reached skill level 5 in Summonings
   530 | D:1      | Reached XP level 2. HP: 16/16 MP: 6/6
   948 | D:1      | Reached XP level 3. HP: 19/20 MP: 7/7
   951 | D:1      | Learned a level 2 spell: Call Imp
   955 | D:1      | Learned a level 3 spell: Call Canine Familiar
  1200 | D:1      | Reached skill level 1 in Fighting
  1385 | D:2      | Reached skill level 1 in Armour
  1464 | D:2      | Reached XP level 4. HP: 25/25 MP: 3/8
  1897 | D:2      | Gained mutation: You are dopey. (Int -2) [potion of
                  | mutation]
  1897 | D:2      | Gained mutation: You do not regenerate when monsters are
                  | visible. [potion of mutation]
  1910 | D:2      | Gained mutation: Your magical nature lets you fly swiftly
                  | and evasively. [Tengu growth]
  1910 | D:2      | Reached XP level 5. HP: 14/29 MP: 9/9
  2577 | D:2      | Reached skill level 6 in Summonings
  3698 | D:3      | Found a radiant altar of Vehumet.
  3867 | D:3      | Noticed Grinder
  4163 | D:3      | Got the Compendium of Viperous Enchantment
  4296 | D:3      | Paralysed by Grinder for 2 turns
  4619 | D:4      | Noticed an ogre
  4636 | D:4      | Killed an ogre
  4637 | D:4      | Reached XP level 6. HP: 22/35 MP: 3/11
  5292 | D:5      | Entered Level 5 of the Dungeon
  5370 | D:5      | Noticed a black bear
  5500 | D:5      | Killed a black bear
  5501 | D:5      | Reached skill level 7 in Summonings
  5501 | D:5      | Reached XP level 7. HP: 38/40 MP: 4/12
  5867 | D:5      | Noticed Dowan
  6122 | D:5      | Killed Dowan
  6632 | D:5      | Noticed Duvessa
  6645 | D:5      | HP: 2/61 [Duvessa (14)]
  6646 | D:5      | Slain by Duvessa

Illustrated notes

Levels and vault maps discovered:
D:1:      dpeg_arrival_refuge, layout_basic, ebering_ecumenical_altar_mist
D:2:      minmay_razor_zed, layout_basic, minmay_pentomino_t4
D:3:      layout_basic, mainiacjoe_overflow_alcove_4, serial_glass,
          glass_columns_a, glass_columns_b, uniq_grinder
D:4:      layout_rooms
D:5:      layout_basic, grunt_gozag_statues, uniq_duvessa

Skill      XL: |  1  2  3  4  5  6  7 |
---------------+----------------------+-----
Summonings     | 5 6 7 |  7.7
Fighting       | 1 2 3 |  3.1
Armour         | 1 2 3 |  3.0
Dodging        | 3 4 |  4.3
Spellcasting   | 3 |  3.6
Stealth        | |  2.0

Action                   |  1- 3 |  4- 6 |  7- 9 || total
-------------------------+-------+-------+-------++-------
Melee: Unarmed           |   146 |   217 |    46 ||   409
       Peck              |    25 |    36 |     5 ||    66
       Kick              |    22 |    36 |     9 ||    67
 Cast: Summon Small Mamm |    20 |     5 |     5 ||    30
       Call Imp          |     2 |    23 |     2 ||    27
       Call Canine Famil |     1 |    18 |     6 ||    25
  Use: Scroll            |     5 |     9 |       ||    14
       Potion            |     1 |     3 |     1 ||     5
 Stab: Sleeping          |     1 |     1 |       ||     2
       Distracted        |     2 |     1 |     2 ||     5
Armor: Ring mail         |    55 |   138 |    19 ||   212
       Robe              |     3 |       |       ||     3
       Skin              |       |       |     4 ||     4
Dodge: Dodged            |   112 |   172 |    37 ||   321

Table legend: (Time is in decaauts)
 A = Elapsed time spent in this place.
 B = Non-inter-level travel time spent in this place.
 C = Inter-level travel time spent in this place.
 D = Time resting spent in this place.
 E = Time spent auto-exploring this place.
 F = Levels seen in this place.
 G = Mean time per level.
                   A        B        C        D        E       F      G
               +--------+--------+--------+--------+--------+-----+--------+
         Total |   6440 |   6242 |    198 |   1446 |   3619 |   5 | 1288.0 |
       Dungeon |   6440 |   6242 |    198 |   1446 |   3619 |   5 | 1288.0 |
               +--------+--------+--------+--------+--------+-----+--------+

Top non-repeatable levels by time:
     D:2: 1567 daAuts
     D:1: 1480 daAuts
     D:3: 1236 daAuts
     D:5: 1081 daAuts
     D:4: 1075 daAuts
